cohdb
Replays
Latest Replays
All Replays
Popular Replays
Top Player Replays
Match Explorer
How It Works
Community
CoH3 Stats
Reddit
Sign in to upload your games and track your stats! →
Sign in with Steam
3v3 Allies dominance
Match 7897755
Overview
Messages
Build Orders
End
Kettenkrad Recon Vehicle
Construct Infanterie Kompanie
Selects Breakthrough Battlegroup
Selects Assault Grenadiers
Grenadier Squad
Sniper
Grenadier Squad
Grenadier Squad
Construct Luftwaffe Kompanie
Selects Breakthrough
Jäger Squad
Selects 2.5-tonne Cargo Truck
2.5-tonne Cargo Truck
Jäger Squad
Medical Station
Construct Panzer Kompanie
Medical Bunker
Fox
trevor.william.davis
marty_not_mcfly
broodwarjc
cannot compute
MoBo
0
0
Comments
sign in to comment!
No comments posted yet!